 Dungeon Crawl Stone Soup version 0.30-a0-779-g7971cf19c3 (webtiles) character file.

Game seed: 11257494680893682

71677 Ijustatesigmund the Warrior (level 15, 0/105 HPs)
             Began as a Gargoyle Artificer on Feb 15, 2023.
             Was an Initiate of Gozag.
             Slain by Donald
             ... wielding a +2 heavy scimitar
              (24 damage)
             ... on level 1 of the Swamp on Feb 17, 2023.
             The game lasted 01:02:52 (29650 turns).

Ijustatesigmund the Warrior (Gargoyle Artificer)   Turns: 29650, Time: 01:02:52

Health: 0/105      AC: 46    Str: 20    XL:     15   Next: 37%
Magic:  24/24      EV:  9    Int: 13    God:    Gozag
Gold:   1118       SH:  6    Dex: 16    Spells: 22/27 levels left

rFire   + . .      SeeInvis .    a - +3 eveningstar (vamp)
rCold   . . .      Faith    .    j - +0 buckler
rNeg    + . .      Spirit   .    b - +3 chain mail {rF+}
rPois   ∞          Reflect  .    i - +2 hood of the Assassin {Detect Stab+ Stlth++}
rElec   +          Harm     .    t - +2 cloak
rCorr   .          Rampage  .    W - +4 pair of gloves of the Catfish {Dex+4}
Will    +....                    n - +1 pair of boots
Stlth   +++                      l - amulet of magic regeneration
HPRegen 0.37/turn                s - +4 ring of protection
MPRegen 0.59/turn                J - +4 ring of protection

@: flying
A: sickness immunity, AC +11, big wings, negative energy resistance 1,
electricity resistance, torment resistance 1, petrification resistance
a: Renounce Religion, Potion Petition, Call Merchant, Bribe Branch


You were on level 1 of the Swamp.
You worshipped Gozag.
Gozag was most pleased with you.
You visited 5 branches of the dungeon, and saw 24 of its levels.
You also visited: Volcano.

You collected 5963 gold pieces.
You spent 4073 gold pieces at shops.
You paid 772 gold pieces to Gozag.

Inventory:

Hand Weapons
 a - a +3 vampiric eveningstar (weapon)
Missiles
 F - 2 throwing nets
Armour
 b - a +3 chain mail of fire resistance (worn)
 i - the +2 hood of the Assassin (worn) {Detect Stab+ Stlth++}
   (You bought it in a shop on level 10 of the Dungeon)

   Detect:    It allows the wearer to sense nearby creatures.
   Stab+:     It allows the wearer to make particularly effective stabbing
   attacks against helpless or unaware enemies with any weapon.
   Stlth:     It makes you much more stealthy.
 j - a +0 buckler (worn)
 n - a +1 pair of boots (worn)
 t - a +2 cloak (worn)
 v - the +4 Cigotuvi's embrace {Corpsefed rMiasma Drain rN+}
   (You found it on level 5 of the Lair of Beasts)

   Corpsefed: It gathers nearby corpses to temporarily increase the armour it
   provides.
   rMiasma:   It protects you from foul pestilence.
   rN:        It protects you from negative energy.
   Drain:     It drains your maximum health when unequipped.
 V - the +1 pair of boots "Guagh" {rPois Int+5 Slay-3}
   (You bought it in a shop on level 5 of the Lair of Beasts)

   Int:       It affects your intelligence (+5).
   Slay:      It affects your accuracy & damage with ranged weapons and melee
   (-3).
   rPois:     It protects you from poison.
 W - the +4 pair of gloves of the Catfish (worn) {Dex+4}
   (You bought it in a shop on level 5 of the Lair of Beasts)

   Dex:       It affects your dexterity (+4).
Jewellery
 f - a ring of see invisible
 l - an amulet of magic regeneration (around neck)
 s - a +4 ring of protection (left hand)
 w - the ring of the Traitor {rC++ SInv}
   (You bought it in a shop on level 2 of the Orcish Mines)

   [ring of see invisible]

   rC:        It greatly protects you from cold.
   SInv:      It lets you see invisible.
 x - a ring of resist corrosion
 J - a +4 ring of protection (right hand)
 Q - a ring of wizardry
Wands
 c - a wand of flame (32) (quivered)
 e - a wand of iceblast (6)
 B - a wand of polymorph (9)
 L - a wand of digging (4)
 N - a wand of light (2)
 S - a wand of charming (6)
Scrolls
 d - a scroll of enchant armour
 p - 2 scrolls of identify
 C - a scroll of magic mapping
 E - 3 scrolls of fog
 K - 2 scrolls of amnesia
Potions
 g - 6 potions of magic
 k - 8 potions of curing
 m - 3 potions of haste
 o - a potion of heal wounds
 q - a potion of brilliance
 r - 5 potions of mutation
 u - 3 potions of might
 z - 3 potions of cancellation
 A - 3 potions of resistance
 D - 6 potions of attraction
 I - 4 potions of lignification
 M - 3 potions of ambrosia
Miscellaneous
 O - a condenser vane (inert)


   Skills:
 + Level 16.4 Fighting
 + Level 10.3 Maces & Flails
 - Level 9.6 Armour
 + Level 4.3 Dodging
 - Level 7.9 Stealth
 - Level 8.4 Shields
 - Level 6.5 Spellcasting
 - Level 8.3 Conjurations
 - Level 4.1 Transmutations
 - Level 9.0 Earth Magic
 - Level 4.4 Evocations


You had 22 spell levels left.
You knew the following spells:

 Your Spells              Type           Power      Damage    Failure   Level
a - Stone Arrow           Conj/Erth      52%        3d10      12%         3
b - Passwall              Tmut/Erth      17%        N/A       14%         2

Your spell library contained the following spells:

 Spells                   Type           Power      Damage    Failure   Level
 Sandblast                Erth           54%        2d13      3%          1
 Beastly Appendage        Tmut           28%        N/A       26%         1
 Static Discharge         Conj/Air       30%        2-4/arc   36%         2
 Wereblood                Tmut           14%        N/A       38%         2
 Spider Form              Tmut/Pois      9%         N/A       88%         3
 Scorch                   Fire           8%         2d5       91%         2
 Leda's Liquefaction      Hex/Erth       8%         N/A       92%         4
 Ignite Poison            Fire/Tmut/Pois 7%         N/A       94%         3
 Flame Wave               Conj/Fire      15%        2d7       95%         4
 Sticky Flame             Conj/Fire      15%        2d4       95%         4
 Call Canine Familiar     Summ           4%         N/A       99%         3
 Kindle Blastsparks       Fire/Tloc/Air  8%         2d10      99%         3
 Portal Projectile        Hex/Tloc       8%         N/A       99%         3
 Swiftness                Air            4%         N/A       99%         3
 Tukima's Dance           Hex            4%         N/A       99%         3
 Passage of Golubria      Tloc           4%         N/A       100%        4
 Summon Lightning Spire   Summ/Air       4%         N/A       100%        4
 Blade Hands              Tmut           7%         N/A       100%        5
 Silence                  Hex/Air        2%         N/A       100%        5
 Summon Forest            Summ/Tloc      2%         N/A       100%        5
 Yara's Violent Unravell  Hex/Tmut       4%         3d4       100%        5
 Eringya's Noxious Bog    Tmut/Pois      4%         N/A       100%        6
 Summon Cactus Giant      Summ           2%         N/A       100%        6
 Summon Hydra             Summ           2%         N/A       100%        7
 Ignition                 Fire           2%         3d3       100%        8
 Lehudib's Crystal Spear  Conj/Erth      13%        10d4      100%        8


Dungeon Overview and Level Annotations

Branches:
Dungeon (15/15)            Temple (1/1) D:7            Lair (5/5) D:8
  Swamp (1/4) Lair:2       Spider (0/4) Lair:2        Slime (0/5) Lair:4
    Orc (2/2) D:9             Elf (0/3) Orc:2        Vaults (0/5) D:14
 Depths (0/4) D:15        Volcano (visited)

Altars:
Ashenzari
Cheibriados
Dithmenos
Elyvilon
Fedhas
Gozag
Hepliaklqana
Kikubaaqudgha
Makhleb
Nemelex Xobeh
Okawaru
Qazlal
Ru
Sif Muna
Trog
Uskayaw
Vehumet
Wu Jian
Xom
Yredelemnul
Zin
The Shining One

Shops:
D:2 *   D:4 [   D:10 [   Orc:2 [=!(!   Lair:5 [

Annotations:
D:14 Frances
Lair:1 2 transporters, Hacuesm's ghost, journeyman TeBe
Lair:5 exclusion: oklob plant
Swamp:1 Donald


Innate Abilities, Weirdness & Mutations

You are immune to sickness and miasma.
Your stone body is resilient. (AC +11)
You are immune to poison.
Your large and strong wings let you fly.
You resist negative energy. (rN+)
You are resistant to electric shocks. (rElec)
You are resistant to unholy torment.
You are immune to petrification.


Message History

Donald is lightly wounded.
Donald hits you with a +2 heavy scimitar!
You bludgeon Donald!!
Donald is moderately wounded.
You block Donald's attack.
You sock Donald!
You feel better.
Donald is heavily wounded.
Donald hits you but does no damage. Donald blocks your attack.
Donald is heavily wounded.
You block Donald's attack.
Your magical contamination has completely faded away.
You hit Donald.
You feel better.
Donald is heavily wounded.
Donald hits you but does no damage. Donald blocks your attack.
Donald is heavily wounded.
Donald hits you with a +2 heavy scimitar!
You puncture Donald!
You feel better.
Donald is severely wounded.
Donald hits you with a +2 heavy scimitar.
Donald hits you with a +2 heavy scimitar!
You puncture Donald!
You feel better.
Donald is severely wounded.
You block Donald's attack. Donald blocks your attack.
Donald is severely wounded.
Donald hits you with a +2 heavy scimitar!!
* * * LOW HITPOINT WARNING * * *
Donald blocks your attack.
Donald is severely wounded.
Donald blocks your attack.
Donald is severely wounded.
Donald hits you with a +2 heavy scimitar.
* * * LOW HITPOINT WARNING * * *
You completely miss Donald.
Donald is severely wounded.
Donald hits you with a +2 heavy scimitar!!
You die...
Your body crumbles into a pile of gold.

♣.. .......~~. ~♣
.§.~☼☼.~♣ . ♣.~§~§.~♣♣
..°☼$~.~♣
♣♣♣♣♣♣♣♣♣♣♣♣♣♣♣..~.~~.♣
...............~..~...♣
♣♣♣♣♣♣♣♣♣♣♣♣♣♣♣..§.§~♣
♣.........♣♣§..@...♣
♣.♣♣♣♣♣♣♣.♣♣♣§~@.~.♣♣
♣♣.♣ ♣.♣♣♣..~~.~~♣
♣..♣♣ ♣..♣~~.♣~....♣
..♣~♣ ♣♣...~♣♣♣♣♣.♣♣
~.♣~♣ ♣♣~..♣ ♣♣ .~.♣♣
♣~.♣♣ ...♣ ~.~♣ ...♣
♣♣~♣♣ ♣♣.♣ ♣♣♣


You could see Donald (fast, strong).

Vanquished Creatures
  A dire elephant (Lair:5)
  An ettin (Orc:1)
  6 hydras
  3 centaur warriors
  A two-headed ogre (D:11)
  A tengu warrior (D:15)
  A boulder beetle (D:11)
  A death yak (Lair:5)
  A hell knight (Volcano)
  A salamander mystic (Volcano)
  A spectral death yak (Lair:5)
  A skyshark (Lair:4)
  A swamp dragon (Swamp:1)
  An obsidian statue (Lair:5)
  A goliath frog (Swamp:1)
  Pikel (D:6)
  3 necromancers (Lair:5)
  3 orc knights (Orc:2)
  3 deep elf pyromancers
  4 cyclopes
  A manticore (D:14)
  11 ugly things
  6 black mambas
  4 salamanders (Volcano)
  A dire elephant zombie (Lair:5)
  26 elephants
  Maggie (Lair:2)
  4 gargoyles
  3 rime drakes
  11 cane toads
  A yaktaur (shapeshifter) (D:10)
  5 kobold demonologists
  Psyche (D:11)
  8 komodo dragons
  An efreet (D:15)
  2 polar bears
  4 trolls
  2 meliai (D:13)
  A hornet (D:8)
  10 blink frogs
  6 slime creatures
  2 culicivoras (Lair:2)
  A shadow (D:12)
  A vampire (D:14)
  A jumping spider (Lair:2)
  A spriggan (Lair:4)
  2 wraiths
  5 wyverns
  19 yaks
  3 basilisks
  4 redbacks (Lair:2)
  2 steam dragons
  4 vampire mosquitoes (D:14)
  A spectral cane toad (Lair:5)
  2 wargs
  An acid dragon (D:9)
  8 water moccasins
  5 swamp worms
  Duvessa (D:6)
  A sky beast (D:6)
  6 ogres
  31 orc warriors
  An elephant zombie (Lair:5)
  3 black bears
  11 centaurs
  10 wolves
  2 elephant skeletons (Lair:5)
  2 phantoms (D:5)
  4 kobold brigands
  A gnoll sergeant (D:9)
  A necrophage (D:6)
  8 bullfrogs
  A cane toad simulacrum (Lair:5)
  4 scorpions
  4 wights (D:9)
  Dowan (D:6)
  9 killer bees
  4 electric eels
  3 howler monkeys
  2 lava snakes (Lair:3)
  4 hounds
  5 jellies
  12 orc priests
  2 gnoll boudas
  Crazy Yiuf (D:6)
  6 hell rats (Lair:4)
  2 iguanas
  7 orc wizards
  5 adders
  21 gnolls
  A white imp (D:8)
  A worm (D:2)
  2 dart slugs
  61 orcs
  5 ball pythons
  5 bats
  6 endoplasms
  4 giant cockroaches
  7 goblins
  4 hobgoblins
  3 jackals (D:3)
  3 quokkas
  A frilled lizard (D:3)
  16 kobolds
  6 rats
507 creatures vanquished.

Vanquished Creatures (collateral kills)
  4 dire elephants (Lair:5)
  A centaur warrior (D:13)
  A spectral anaconda (Lair:5)
  A blink frog (Lair:5)
  2 slime creatures (D:12)
  An orc wizard (D:13)
  2 gnolls (D:6)
  An adder (D:2)
  A ball python (D:2)
14 creatures vanquished.

Vanquished Creatures (others)
  4 ugly things
  A meliai (D:13)
  A centaur (Orc:2)
  An orc wizard (Orc:2)
  20 foxfires (Swamp:1)
  104 fungi
  112 plants
  14 withered plants (Lair:5)
257 creatures vanquished.

Grand Total: 778 creatures vanquished

Notes
Turn   | Place    | Note
-------+----------+-------------------------------------------
     0 | D:1      | Ijustatesigmund the Gargoyle Artificer began the quest for
                  | the Orb.
     0 | D:1      | Reached XP level 1. HP: 12/12 MP: 1/1
   637 | D:1      | Reached XP level 2. HP: 15/16 MP: 2/2
   669 | D:1      | Found a faded altar of an unknown god.
   922 | D:2      | Reached skill level 1 in Maces & Flails
   971 | D:2      | Found Kassos's General Store.
   985 | D:2      | Bought a +0 dire flail of protection for 68 gold pieces
   985 | D:2      | Bought a +0 pair of boots for 45 gold pieces
  1138 | D:2      | Reached XP level 3. HP: 18/21 MP: 3/3
  1274 | D:2      | Reached skill level 2 in Fighting
  1848 | D:3      | Reached XP level 4. HP: 24/26 MP: 4/4
  2196 | D:3      | Found a sacrificial altar of Ru.
  2212 | D:3      | Reached XP level 5. HP: 28/31 MP: 5/5
  2934 | D:4      | Found a hazy altar of Hepliaklqana.
  3042 | D:4      | Found a glowing silver altar of Zin.
  3124 | D:4      | Found Ceonoen's Antique Armour Shop.
  3303 | D:4      | Reached skill level 3 in Fighting
  3328 | D:4      | Reached XP level 6. HP: 31/37 MP: 6/6
  3367 | D:4      | Found a white marble altar of Elyvilon.
  3429 | D:5      | Entered Level 5 of the Dungeon
  3467 | D:5      | Reached skill level 4 in Fighting
  3478 | D:5      | Reached XP level 7. HP: 40/43 MP: 7/7
  3570 | D:5      | Noticed a troll
  3713 | D:4      | Killed a troll
  3714 | D:4      | Reached skill level 5 in Armour
  3953 | D:5      | Reached skill level 5 in Fighting
  4292 | D:5      | Reached skill level 5 in Maces & Flails
  4292 | D:5      | Reached XP level 8. HP: 41/49 MP: 8/8
  4537 | D:6      | Found a runed translucent door.
  4538 | D:6      | Noticed Crazy Yiuf
  4551 | D:6      | Killed Crazy Yiuf
  4772 | D:5      | Reached skill level 6 in Fighting
  4999 | D:6      | Noticed Pikel
  5017 | D:6      | Killed Pikel
  5018 | D:6      | Reached XP level 9. HP: 50/56 MP: 9/9
  5048 | D:6      | Reached skill level 7 in Fighting
  5435 | D:6      | Noticed Duvessa
  5435 | D:6      | Noticed Dowan
  5442 | D:6      | Killed Duvessa
  5464 | D:6      | Killed Dowan
  5638 | D:7      | Reached skill level 8 in Fighting
  5815 | D:7      | Found a staircase to the Ecumenical Temple.
  6551 | D:8      | Found a staircase to the Lair.
  6565 | D:8      | Reached XP level 10. HP: 56/65 MP: 10/10
  6580 | D:8      | Reached skill level 9 in Fighting
  6759 | Temple   | Entered the Ecumenical Temple
  6759 | Temple   | Noticed an Ice Fiend
  6759 | Temple   | Noticed a green death
  6760 | Temple   | Noticed Ninydof the pandemonium lord
  6760 | Temple   | Noticed Puytolea the pandemonium lord
  6790 | Temple   | Noticed Liagoem the pandemonium lord
  6806 | Temple   | Noticed a Brimstone Fiend
  6808 | Temple   | Noticed Ackiutiu the pandemonium lord
  6816 | Temple   | Noticed a Brimstone Fiend
  6817 | Temple   | Noticed Sihus the pandemonium lord
  6836 | Temple   | Noticed an Ice Fiend
  6837 | Temple   | Noticed Copas the pandemonium lord
  6838 | Temple   | Noticed a shadow demon
  6895 | Temple   | Became a worshipper of Gozag Ym Sagoz the Greedy
  6944 | D:8      | Identified the +4 war axe of Uhaoplew {freeze, rC+++ MP-9
                  | Dex+4}
  7150 | D:8      | Reached skill level 1 in Dodging
  7367 | D:8      | Identified the +1 robe "Lomed" {-Tele rPois Str+2}
  7651 | D:9      | Noticed a kobold demonologist
  7656 | D:9      | Noticed a kobold demonologist
  7664 | D:9      | Killed a kobold demonologist
  7677 | D:9      | Noticed a soul eater
  7690 | D:9      | Killed a kobold demonologist
  7842 | D:9      | Identified the +7 hand axe of the Grinning Visionary
                  | {freeze, rElec Dex+4}
  7916 | D:9      | Reached skill level 10 in Fighting
  7970 | D:9      | Found a staircase to the Orcish Mines.
  8190 | D:9      | Reached XP level 11. HP: 71/72 MP: 11/11
  8723 | D:10     | Entered Level 10 of the Dungeon
  8788 | D:10     | Found Ilaomm's Antique Armour Shoppe.
  8963 | D:10     | Found an ancient bone altar of Kikubaaqudgha.
  8963 | D:10     | Found a basalt altar of Yredelemnul.
  8964 | D:10     | Found a blossoming altar of Fedhas.
  9019 | D:10     | Reached skill level 11 in Fighting
  9120 | D:10     | Noticed an eight-headed hydra
  9136 | D:10     | Killed an eight-headed hydra
  9378 | D:10     | Noticed a cyclops
  9387 | D:10     | Killed a cyclops
  9388 | D:10     | Reached skill level 12 in Fighting
  9393 | D:10     | Identified the +1 chain mail of Exclusion {*Slow Regen+
                  | Stlth+}
  9399 | D:10     | Learned a level 3 spell: Stone Arrow
  9824 | D:11     | Reached skill level 1 in Earth Magic
  9824 | D:11     | Noticed a sun demon
 10003 | D:11     | Noticed a purple ugly thing
 10010 | D:11     | Killed a purple ugly thing
 10011 | D:11     | Reached skill level 1 in Spellcasting
 10011 | D:11     | Reached skill level 1 in Conjurations
 10096 | D:11     | Noticed a cyclops
 10114 | D:11     | Killed a cyclops
 10130 | D:11     | Noticed a two-headed ogre
 10141 | D:11     | Killed a two-headed ogre
 10227 | D:11     | Noticed a boulder beetle
 10260 | D:11     | Killed a boulder beetle
 10675 | D:11     | Noticed Psyche
 10677 | D:11     | Killed Psyche
 11101 | D:12     | Reached XP level 12. HP: 72/81 MP: 17/17
 11134 | D:12     | You fall into a shaft and drop 1 floor!
 11146 | D:13     | Reached skill level 5 in Earth Magic
 11177 | D:13     | Noticed a four-headed hydra
 11378 | D:13     | Killed a four-headed hydra
 11379 | D:13     | Reached skill level 5 in Conjurations
 12002 | D:12     | Reached skill level 5 in Spellcasting
 12906 | D:13     | Noticed a centaur warrior
 12921 | D:13     | Killed a centaur warrior
 14700 | D:14     | Noticed a centaur warrior
 14714 | D:14     | Killed a centaur warrior
 14832 | D:14     | Reached XP level 13. HP: 52/86 MP: 19/22
 14970 | D:15     | Entered Level 15 of the Dungeon
 14986 | D:15     | Found a staircase to the Depths.
 14986 | D:15     | Noticed an ice dragon
 14988 | D:15     | Noticed an ice dragon
 16058 | D:14     | Noticed Frances
 16562 | D:14     | Found a gate to the Vaults.
 16888 | Lair:1   | Entered Level 1 of the Lair of Beasts
 16949 | Lair:1   | Found a transporter.
 16985 | Lair:1   | Identified the +2 leather armour of the Ditch-Digger
                  | {Rampage Dex+3}
 16990 | Lair:1   | Reached skill level 13 in Fighting
 17053 | Lair:1   | Found a transporter.
 17299 | Lair:1   | Noticed Hacuesm's ghost (journeyman TeBe)
 17938 | Lair:2   | Found a dark tunnel.
 17946 | Volcano  | Entered a volcano
 18164 | Volcano  | Reached skill level 14 in Fighting
 18498 | Lair:2   | Found a hole to the Spider Nest.
 19000 | D:10     | Bought the +2 hood of the Assassin {Detect Stab+ Stlth++}
                  | for 2100 gold pieces
 19000 | D:10     | Found the +2 hood of the Assassin {Detect Stab+ Stlth++}
 19773 | Lair:2   | Noticed Maggie
 19797 | Lair:2   | Killed Maggie
 19950 | Lair:2   | Reached skill level 15 in Fighting
 20409 | Lair:2   | Found a staircase to the Swamp.
 20859 | Lair:3   | Learned a level 2 spell: Passwall
 20952 | Lair:3   | Gained mutation: Your large and strong wings let you fly.
                  | [Gargoyle growth]
 20952 | Lair:3   | Reached XP level 14. HP: 98/98 MP: 23/23
 21083 | Lair:3   | Reached skill level 5 in Stealth
 21785 | Lair:4   | Reached skill level 1 in Transmutations
 22602 | Lair:4   | Found a staircase to the Slime Pits.
 23540 | Lair:4   | Noticed a dire elephant
 23585 | Lair:5   | Entered Level 5 of the Lair of Beasts
 24208 | Lair:5   | Reached skill level 16 in Fighting
 24475 | Lair:5   | Bought a pair of brightly glowing boots for 199 gold pieces
 24475 | Lair:5   | Identified the +1 pair of boots "Guagh" {rPois Int+5
                  | Slay-3} (You bought it in a shop on level 5 of the Lair of
                  | Beasts)
 24475 | Lair:5   | Bought a pair of twisted gloves for 199 gold pieces
 24475 | Lair:5   | Identified the +4 pair of gloves of the Catfish {Dex+4}
                  | (You bought it in a shop on level 5 of the Lair of Beasts)
 24488 | Lair:5   | Bought a smelly ring mail for 189 gold pieces
 24488 | Lair:5   | Identified the +0 ring mail "Irevuoso" {rF- Dex+4} (You
                  | bought it in a shop on level 5 of the Lair of Beasts)
 24493 | Lair:5   | Bought a masterwork ring mail for 189 gold pieces
 24493 | Lair:5   | Identified the +2 ring mail of Peek-a-Boo {rF+} (You bought
                  | it in a shop on level 5 of the Lair of Beasts)
 24688 | Lair:5   | Noticed a dire elephant
 24688 | Lair:5   | Noticed a dire elephant
 24794 | Lair:5   | Noticed a dire elephant
 24794 | Lair:5   | Noticed a dire elephant
 24814 | Lair:5   | Identified a scroll of acquirement
 24815 | Lair:5   | Acquired a +1 vampiric eveningstar
 25116 | Lair:5   | Reached skill level 1 in Shields
 25421 | Lair:5   | Noticed a dire elephant
 25450 | Lair:5   | Killed a dire elephant
 25601 | Lair:5   | Reached skill level 5 in Shields
 25885 | Lair:5   | Killed a dire elephant
 25897 | Lair:5   | Killed a dire elephant
 25898 | Lair:5   | Killed a dire elephant
 25905 | Lair:5   | Reached XP level 15. HP: 86/104 MP: 24/24
 26070 | Lair:5   | Got the Encyclopedia of Ozone
 26277 | Lair:5   | Found the +4 Cigotuvi's embrace {Corpsefed rMiasma Drain
                  | rN+}
 26962 | D:4      | Bought a buckler for 76 gold pieces
 27120 | Orc:1    | Entered Level 1 of the Orcish Mines
 27575 | Orc:2    | Entered Level 2 of the Orcish Mines
 28244 | Orc:1    | Upgraded the game from 0.30-a0-778-g2ef04afb54 to
                  | 0.30-a0-779-g7971cf19c3
 28354 | Orc:2    | Reached skill level 10 in Maces & Flails
 28428 | Orc:2    | Found a staircase to the Elven Halls.
 28986 | Orc:2    | Found Moem's Weapon Emporium.
 28986 | Orc:2    | Found Ykejov's Distillery.
 28986 | Orc:2    | Found Qusioh's Jewellery Shop.
 28989 | Orc:2    | Found Hiddeplu's Distillery.
 28994 | Orc:2    | Bought a potion of might for 52 gold pieces
 28994 | Orc:2    | Bought a potion of mutation for 104 gold pieces
 28994 | Orc:2    | Bought a potion of heal wounds for 65 gold pieces
 28994 | Orc:2    | Bought a potion of heal wounds for 65 gold pieces
 28994 | Orc:2    | Bought a potion of haste for 130 gold pieces
 28994 | Orc:2    | Bought a potion of lignification for 39 gold pieces
 28996 | Orc:2    | Bought the ring of the Traitor {rC++ SInv} for 553 gold
                  | pieces
 29054 | Orc:2    | Found Jentas's Antique Armour Shop.
 29361 | Swamp:1  | Entered Level 1 of the Swamp
 29627 | Swamp:1  | Noticed Donald
 29650 | Swamp:1  | Slain by Donald

Illustrated notes

Levels and vault maps discovered:
D:1:      lightli_arrival_maybe_door_vault, layout_loops_ring,
          nicolae_ecumenical_snake_handling, kennysheep_small_spiral,
          hangedman_decor_push, minmay_pentomino_p4
D:2:      layout_basic, serial_shops, shop
D:3:      layout_basic, nicolae_ru_great_annihilating_truth
D:4:      layout_basic, worldfamousw_hep_ancestral_shrine,
          lemuel_coloured_pillars_altar, zin_scriptorium, serial_shops, shop
D:5:      layout_cave_pools, kennysheep_small_circle
D:6:      layout_loops_cross, uniq_duvessa, uniq_pikel, uniq_crazy_yiuf_cottage
D:7:      layout_basic, minmay_temple_entry_statues_pillars
D:8:      layout_loops_ring, minmay_lair_entry_grove
D:9:      layout_loops_corners, orc_0_dummy, chequers_serial_rivers_micro_d
D:10:     layout_basic, chequers_temple_overflow_statue_of_worship,
          serial_shops, nicolae_shop_trees, chequers_avenue, minmay_radiant
D:11:     layout_roguey, uniq_psyche
D:12:     layout_loops_ring, grunt_ogre_cave, nrook_uturn
D:13:     layout_long_grid
D:14:     layout_gridville, david_vaults_1, hangedman_decor_riveting,
          uniq_frances
D:15:     grunt_enter_depths_hoard, layout_loops_cross, minmay_misc_feat_plants
Temple:   nicolae_temple_panitentiary
Lair:1:   layout_chaotic_city, nzn_ghost_randoct, chequers_serial_rivers_small_a
Lair:2:   layout_chaotic_city, palyth_hydra_swamp_entry,
          nicolae_spider_entry_tight_spaces, nicolae_volcano_entry_hallway,
          uniq_maggie
Lair:3:   layout_cave_pods, nicolae_lair_liquid_snakes
Lair:4:   mu_elephants_graveyard, layout_gridlike,
          nicolae_slime_entry_field_trip, pdpol_lair_cabin_in_the_woods
Lair:5:   due_jungle_book, layout_loops_ring, minmay_lair_oklob_bushes,
          lemuel_fruit_tree
Swamp:1:  layout_falls_marsh, nicolae_swamp_triple_paths, swamp_pool1,
          uniq_donald
Orc:1:    layout_caves
Orc:2:    st_orc_rangers, layout_diamond_mine, serial_shops,
          nicolae_lakefront_shop, mines2_david

Skill      XL: |  1  2  3  4  5  6  7  8  9 10 11 12 13 14 15 |
---------------+----------------------------------------------+-----
Maces & Flails | 1 2 3 4 5 6 8 9 10 | 10.3
Fighting       | 2 3 4 5 6 8 10 12 15 16 | 16.4
Armour         | 3 4 5 7 8 9 |  9.6
Dodging        | 3 4 |  4.3
Evocations     | 4 |  4.4
Earth Magic    | 4 8 9 |  9.0
Spellcasting   | 3 6 |  6.5
Conjurations   | 4 7 8 |  8.3
Stealth        | 4 7 |  7.9
Transmutations | 4 |  4.1
Shields        | 7 8 |  8.4

Action                     |  1- 3 |  4- 6 |  7- 9 | 10-12 | 13-15 || total
---------------------------+-------+-------+-------+-------+-------++-------
  Melee: Club              |    85 |       |       |       |       ||    85
         Dire flail        |    46 |   206 |   382 |   806 |  1047 ||  2487
         Eveningstar       |       |       |       |       |   635 ||   635
   Cast: Stone Arrow       |       |       |       |     7 |    24 ||    31
 Invoke: Call Merchant     |       |       |       |       |     1 ||     1
  Evoke: Wand              |     2 |       |     9 |    24 |    38 ||    73
         Condenser vane    |       |       |       |       |     2 ||     2
    Use: Scroll            |     5 |    11 |     7 |    17 |    23 ||    63
         Potion            |       |       |       |     2 |    11 ||    13
   Stab: Paralysed         |       |     1 |       |       |       ||     1
         Distracted        |       |       |       |     1 |     3 ||     4
         Sleeping          |       |       |       |       |     8 ||     8
         Invisible         |       |       |       |       |     1 ||     1
         Petrified         |       |       |       |       |     1 ||     1
 Armour: Chain mail        |    97 |   258 |   427 |   690 |  2159 ||  3631
         Leather armour    |     8 |       |       |       |       ||     8
  Dodge: Dodged            |    39 |   121 |   217 |   288 |   890 ||  1555
  Block: Tower shield      |    43 |       |       |       |   233 ||   276
         Buckler           |       |       |       |       |   206 ||   206

Table legend: (Time is in decaauts)
 A = Elapsed time spent in this place.
 B = Non-inter-level travel time spent in this place.
 C = Inter-level travel time spent in this place.
 D = Time resting spent in this place.
 E = Time spent auto-exploring this place.
 F = Levels seen in this place.
 G = Mean time per level.
                   A        B        C        D        E       F      G
               +--------+--------+--------+--------+--------+-----+--------+
         Total |  29593 |  27624 |   1969 |   6612 |  15359 |  25 | 1183.7 |
       Dungeon |  17256 |  16108 |   1148 |   3492 |   9546 |  15 | 1150.4 |
        Temple |    155 |    102 |     53 |      0 |     91 |   1 |  155.0 |
          Lair |   9342 |   8713 |    629 |   2472 |   4415 |   5 | 1868.4 |
         Swamp |    290 |    290 |      0 |     92 |     95 |   1 |  290.0 |
  Orcish Mines |   2139 |   2003 |    136 |    418 |   1047 |   2 | 1069.5 |
       Volcano |    409 |    409 |      0 |    138 |    165 |   1 |  409.0 |
               +--------+--------+--------+--------+--------+-----+--------+

Top non-repeatable levels by time:
  Lair:5: 3089 daAuts
    D:12: 2159 daAuts
  Lair:2: 2120 daAuts
  Lair:3: 1657 daAuts
    D:13: 1541 daAuts
    D:14: 1398 daAuts
  Lair:4: 1395 daAuts
     D:9: 1290 daAuts
     D:4: 1252 daAuts
   Orc:2: 1100 daAuts
  Lair:1: 1080 daAuts
     D:7: 1066 daAuts
    D:11: 1046 daAuts
   Orc:1: 1038 daAuts
    D:10: 1018 daAuts
